[Event "IIFL Wealth  4th Mumbai Junior U-13"]
[Site "Mumbai"]
[Date "2019.01.01"]
[Round "3"]
[White "Khairmode Aditya"]
[Black "Aaryan Balaji Rao"]
[Result "1-0"]
[ECO "B35"]
[WhiteElo "1337"]
[BlackElo "1095"]
[Annotator "NA RC"]
[PlyCount "47"]
[EventDate "2018.12.30"]
[EventType "swiss"]
[EventCountry "IND"]
[SourceTitle "playchess.com"]
[Source "ChessBase"]
[SourceQuality "1"]
[TimeControl "40/5400+30:1800+30"]

1. e4 c5 2. Nf3 g6 3. d4 cxd4 4. Nxd4 Nc6 5. Be3 Bg7 6. Bc4 Nf6 7. Nc3 O-O 8. f3 Qb6 9. Bb3 Nxe4 10. fxe4 Bxd4 11. Bxd4 Nxd4 12. Nd5 Qa5+ 13. c3 Nxb3 14. axb3 Qc5 15. Qd2 Qd6 16. O-O-O Qe5 17. Qd4 Qf4+ 18. Nxf4 d6 19. Nd5 e5 20. Nf6+ Kh8 21. Qxd6 Be6 22. Qxe5 b6 23. Nh5+ Kg8 24. Qg7# 1-0

[Event "IIFL Wealth  4th Mumbai Junior U-13"]
[Site "Mumbai"]
[Date "2019.01.01"]
[Round "3"]
[White "Aggarwal Vansh"]
[Black "Vedant Mistry"]
[Result "1-0"]
[ECO "C68"]
[WhiteElo "1328"]
[BlackElo "1075"]
[Annotator "NA RC"]
[PlyCount "45"]
[EventDate "2018.12.30"]
[EventType "swiss"]
[EventCountry "IND"]
[SourceTitle "playchess.com"]
[Source "ChessBase"]
[SourceQuality "1"]
[TimeControl "40/5400+30:1800+30"]

1. e4 e5 2. Nf3 Nc6 3. Bb5 a6 4. Bxc6 dxc6 5. O-O f6 6. d4 exd4 7. Nxd4 c5 8. Nb3 Qxd1 9. Rxd1 Bd7 10. Bf4 O-O-O 11. Nc3 f5 12. Nd5 fxe4 13. Bxc7 Re8 14. Bg3 Re6 15. Rd2 Nf6 16. Rad1 Nxd5 17. Rxd5 Re7 18. Nxc5 b6 19. Nxd7 Kb7 20. Ne5 Rc7 21. Rd7 Bc5 22. Rxc7+ Kxc7 23. Nf7+ 1-0

[Event "IIFL Wealth  4th Mumbai Junior U-13"]
[Site "Mumbai"]
[Date "2019.01.01"]
[Round "3"]
[White "Anurag Panigrahi"]
[Black "Freeyah Golia"]
[Result "1-0"]
[ECO "B01"]
[WhiteElo "1315"]
[BlackElo "1070"]
[Annotator "NA RC"]
[PlyCount "123"]
[EventDate "2018.12.30"]
[EventType "swiss"]
[EventCountry "IND"]
[SourceTitle "playchess.com"]
[Source "ChessBase"]
[SourceQuality "1"]
[TimeControl "40/5400+30:1800+30"]

1. e4 d5 2. Nf3 dxe4 3. Ng5 Nf6 4. d3 e5 5. Nd2 Nc6 6. Ngxe4 Bf5 7. c3 Be7 8. Be2 O-O 9. O-O Qd7 10. Qc2 Rad8 11. Nf3 Nxe4 12. dxe4 Bg6 13. Bb5 a6 14. Nxe5 Qd6 15. Nxg6 hxg6 16. Be2 Rfe8 17. Be3 Bf6 18. f4 Qe6 19. Bf3 Rd7 20. b3 b5 21. Rae1 b4 22. f5 Qe5 23. cxb4 Nxb4 24. Qc4 Qb5 25. fxg6 Qxc4 26. bxc4 Nc2 27. gxf7+ Kxf7 28. Bh5+ g6 29. Bg5 Re6 30. Bg4 Nxe1 31. Bxe6+ Kxe6 32. Rxf6+ Ke5 33. Rxa6 Kxe4 34. Re6+ Kf5 35. Rxe1 Kxg5 36. a4 Rd4 37. a5 Rxc4 38. Ra1 Rd4 39. a6 Rd8 40. a7 Ra8 41. Kf2 Kf4 42. Ke2 Ke4 43. Kd2 Kd4 44. h4 Ke4 45. g4 Kf4 46. h5 gxh5 47. gxh5 Kg5 48. Kd3 Kxh5 49. Kc4 Kg5 50. Kc5 Kf6 51. Kc6 Ke7 52. Kxc7 Rd8 53. a8=Q Rxa8 54. Rxa8 Kf6 55. Re8 Kg5 56. Rf8 Kh4 57. Rg8 Kh5 58. Kd6 Kh6 59. Ke6 Kh5 60. Kf6 Kh4 61. Kf5 Kh5 62. Rh8# 1-0

[Event "IIFL Wealth  4th Mumbai Junior U-13"]
[Site "Mumbai"]
[Date "2019.01.01"]
[Round "3"]
[White "Sohanganesh Uddhav Nikam"]
[Black "Yash Satish Parab"]
[Result "1-0"]
[ECO "C50"]
[WhiteElo "1299"]
[BlackElo "1058"]
[Annotator "NA RC"]
[PlyCount "37"]
[EventDate "2018.12.30"]
[EventType "swiss"]
[EventCountry "IND"]
[SourceTitle "playchess.com"]
[Source "ChessBase"]
[SourceQuality "1"]
[TimeControl "40/5400+30:1800+30"]

1. e4 e5 2. Nf3 Nc6 3. Bc4 Bc5 4. Nc3 Nf6 5. d3 d6 6. Bg5 Bg4 7. Bxf6 Qxf6 8. Nd5 Qd8 9. c3 O-O 10. h3 Bh5 11. g4 Bg6 12. h4 h6 13. Qd2 h5 14. Rg1 hxg4 15. Rxg4 Bh5 16. Rg3 Bxf3 17. Qh6 g6 18. Rxg6+ fxg6 19. Nf6# 1-0

[Event "IIFL Wealth  4th Mumbai Junior U-13"]
[Site "Mumbai"]
[Date "2019.01.01"]
[Round "3"]
[White "Vivaan Vijay Saraogi"]
[Black "Ananmay Sharma"]
[Result "1-0"]
[ECO "B18"]
[WhiteElo "1290"]
[BlackElo "1749"]
[Annotator "NA RC"]
[PlyCount "51"]
[EventDate "2018.12.30"]
[EventType "swiss"]
[EventCountry "IND"]
[SourceTitle "playchess.com"]
[Source "ChessBase"]
[SourceQuality "1"]
[TimeControl "40/5400+30:1800+30"]

1. e4 c6 2. d4 d5 3. Nd2 dxe4 4. Nxe4 Bf5 5. Ng3 Bg6 6. h4 h6 7. Nh3 e6 8. Nf4 Bh7 9. Bc4 Nf6 10. O-O Bd6 11. Re1 O-O 12. c3 Nbd7 13. Nxe6 fxe6 14. Rxe6 Kh8 15. Rxd6 Ne8 16. Re6 Bg8 17. Bg5 Nef6 18. d5 cxd5 19. Bxd5 hxg5 20. hxg5 Nc5 21. Qe2 Nxe6 22. Qxe6 Nh7 23. g6 Qf6 24. Qg4 Qxf2+ 25. Kh2 Rf4 26. Qh3 1-0

[Event "IIFL Wealth  4th Mumbai Junior U-13"]
[Site "Mumbai"]
[Date "2019.01.01"]
[Round "3"]
[White "Vishal Shewale"]
[Black "Sri Rashmika M"]
[Result "1-0"]
[ECO "B23"]
[WhiteElo "1287"]
[BlackElo "1039"]
[Annotator "NA RC"]
[PlyCount "77"]
[EventDate "2018.12.30"]
[EventType "swiss"]
[EventCountry "IND"]
[SourceTitle "playchess.com"]
[Source "ChessBase"]
[SourceQuality "1"]
[TimeControl "40/5400+30:1800+30"]

1. e4 c5 2. Nc3 d6 3. f4 Nc6 4. Bb5 Bd7 5. Bxc6 Bxc6 6. Nf3 e6 7. d3 Nf6 8. O-O Be7 9. h3 O-O 10. g4 h6 11. g5 hxg5 12. Nxg5 e5 13. f5 b5 14. Qf3 d5 15. Qg3 b4 16. exd5 Nxd5 17. Nxd5 Qxd5 18. Ne4 f6 19. b3 Qf7 20. Kh2 Bxe4 21. dxe4 Rad8 22. Rg1 Rfe8 23. Bh6 Bf8 24. Qh4 Rd7 25. Rg6 Ree7 26. Rag1 a5 27. Rxf6 Qe8 28. Rfg6 Qf7 29. f6 Re6 30. Bxg7 Bxg7 31. Rxg7+ Qxg7 32. fxg7 Rd2+ 33. Kh1 Re8 34. Qh8+ Kf7 35. Qxe8+ Kxe8 36. g8=Q+ Kd7 37. Rg7+ Kc6 38. Qc8+ Kb5 39. Qb7# 1-0

[Event "IIFL Wealth  4th Mumbai Junior U-13"]
[Site "Mumbai"]
[Date "2019.01.01"]
[Round "3"]
[White "Sneha Halder"]
[Black "Borate Tanvi"]
[Result "1-0"]
[ECO "E00"]
[WhiteElo "1282"]
[BlackElo "1035"]
[Annotator "NA RC"]
[PlyCount "133"]
[EventDate "2018.12.30"]
[EventType "swiss"]
[EventCountry "IND"]
[SourceTitle "playchess.com"]
[Source "ChessBase"]
[SourceQuality "1"]
[TimeControl "40/5400+30:1800+30"]

1. c4 Nf6 2. d4 e6 3. Nc3 d5 4. e3 Be7 5. Nf3 O-O 6. Be2 dxc4 7. Bxc4 c5 8. O-O Nc6 9. dxc5 Bxc5 10. Qxd8 Rxd8 11. b3 a6 12. Bb2 b5 13. Be2 Bb7 14. Rad1 h6 15. a4 b4 16. Na2 Ne4 17. Bd3 Na5 18. Bc2 Bd5 19. Nc1 Rac8 20. Nd2 Nc3 21. Bxc3 bxc3 22. Nb1 Be7 23. e4 Ba8 24. Na2 Rxd1 25. Rxd1 Bf6 26. b4 Nc6 27. Na3 Nd4 28. f3 Bc6 29. a5 Bb5 30. Nxb5 Nxb5 31. Bd3 c2 32. Rc1 Nd4 33. Bxa6 Rc7 34. b5 Ne2+ 35. Kf2 Nxc1 36. Nxc1 Bb2 37. b6 Rb7 38. Nb3 Rd7 39. Bb5 Rd2+ 40. Kg3 c1=Q 41. Nxc1 Bxc1 42. a6 Rd8 43. a7 Be3 44. Bc6 Bxb6 45. a8=Q Rxa8 46. Bxa8 Bc7+ 47. Kf2 Kf8 48. h3 Ke7 49. Bc6 g5 50. g3 f6 51. h4 Bb6+ 52. Kg2 Bc7 53. Ba4 Bb8 54. Kh3 Kd6 55. Kg4 Ke5 56. Bd7 Bd6 57. Kh5 Bf8 58. Kg6 Kd6 59. Kf7 Kxd7 60. Kxf8 f5 61. exf5 exf5 62. f4 gxf4 63. gxf4 Ke6 64. Kg7 Kd5 65. Kxh6 Ke4 66. Kg5 Kd5 67. Kxf5 1-0

[Event "IIFL Wealth  4th Mumbai Junior U-13"]
[Site "Mumbai"]
[Date "2019.01.01"]
[Round "3"]
[White "Sai Mahati A"]
[Black "Arhan Chethan Anand"]
[Result "1/2-1/2"]
[ECO "D30"]
[WhiteElo "1267"]
[BlackElo "1710"]
[Annotator "NA RC"]
[PlyCount "121"]
[EventDate "2018.12.30"]
[EventType "swiss"]
[EventCountry "IND"]
[SourceTitle "playchess.com"]
[Source "ChessBase"]
[SourceQuality "1"]
[TimeControl "40/5400+30:1800+30"]

1. d4 d5 2. c4 e6 3. cxd5 exd5 4. Nc3 Nf6 5. Nf3 Be7 6. Bg5 c6 7. e3 Nbd7 8. Bd3 h6 9. Bh4 Nh5 10. Bg3 Nxg3 11. hxg3 Nf6 12. Rc1 Bd6 13. Nh4 Qe7 14. Kf1 Ne4 15. Bxe4 dxe4 16. g4 g5 17. Nf5 Bxf5 18. gxf5 O-O-O 19. Qa4 Kb8 20. g4 h5 21. Rxh5 Rxh5 22. gxh5 g4 23. Qc2 Qh4 24. Qxe4 Qxh5 25. Ke1 g3 26. fxg3 Bxg3+ 27. Kd2 f6 28. Rh1 Qf7 29. Qe6 Qg7 30. Kc2 Bc7 31. Qe4 Qf7 32. Qe6 Qg7 33. Qe4 a6 34. Kb1 Qf7 35. Kc2 Re8 36. Qf3 Qc4 37. Rh4 Ba5 38. Qf4+ Ka7 39. d5 Qxf4 40. exf4 Bxc3 41. Kxc3 cxd5 42. Rh6 Re4 43. Rxf6 Rxf4 44. Rf8 Kb6 45. f6 Ka7 46. f7 Kb6 47. Kd3 d4 48. Rd8 Rxf7 49. Rxd4 Rf3+ 50. Kc2 Kc5 51. Rd7 Kc6 52. Rd4 a5 53. Rh4 Rf2+ 54. Kc3 Rf3+ 55. Kc2 Rf2+ 56. Kc3 Rf3+ 57. Kc2 Rg3 58. Rh6+ Kb5 59. Rh4 Ka6 60. Rh5 b6 61. Rf5 1/2-1/2

[Event "IIFL Wealth  4th Mumbai Junior U-13"]
[Site "Mumbai"]
[Date "2019.01.01"]
[Round "3"]
[White "Ghadge Harsh"]
[Black "Jain Hitansh"]
[Result "1-0"]
[ECO "D10"]
[WhiteElo "1265"]
[BlackElo "1008"]
[Annotator "NA RC"]
[PlyCount "51"]
[EventDate "2018.12.30"]
[EventType "swiss"]
[EventCountry "IND"]
[SourceTitle "playchess.com"]
[Source "ChessBase"]
[SourceQuality "1"]
[TimeControl "40/5400+30:1800+30"]

1. d4 d5 2. c4 c6 3. cxd5 cxd5 4. Nc3 Nf6 5. Bf4 Bf5 6. e3 e6 7. Nf3 Bb4 8. Qa4+ Nc6 9. Bb5 Qb6 10. Qxb4 Nd7 11. Qa4 O-O 12. O-O a6 13. Bxc6 bxc6 14. Qb3 Qd8 15. Rfc1 Re8 16. Na4 Rc8 17. Nc5 Nxc5 18. Rxc5 f6 19. Rac1 Qd7 20. Qa4 Bg6 21. b3 Bd3 22. Qb4 h5 23. h3 Be4 24. Nd2 Bd3 25. Qc3 Bh7 26. Rxc6 1-0

[Event "IIFL Wealth  4th Mumbai Junior U-13"]
[Site "Mumbai"]
[Date "2019.01.01"]
[Round "3"]
[White "Tambe Shardul"]
[Black "Pingale Shivraj"]
[Result "0-1"]
[ECO "D45"]
[WhiteElo "1250"]
[BlackElo "1580"]
[Annotator "NA RC"]
[PlyCount "76"]
[EventDate "2018.12.30"]
[EventType "swiss"]
[EventCountry "IND"]
[SourceTitle "playchess.com"]
[Source "ChessBase"]
[SourceQuality "1"]
[TimeControl "40/5400+30:1800+30"]

1. d4 d5 2. c4 c6 3. Nf3 Nf6 4. Nc3 e6 5. e3 Bd6 6. Qc2 Nbd7 7. Bd2 O-O 8. Bd3 dxc4 9. Bxc4 b5 10. Bd3 Bb7 11. O-O a6 12. Ne4 Nxe4 13. Bxe4 Nf6 14. b4 Nxe4 15. Qxe4 Qe7 16. Qb1 a5 17. a3 a4 18. Qd3 f6 19. Rac1 e5 20. dxe5 fxe5 21. e4 Bc7 22. Be3 Qe6 23. Qc2 Rf6 24. Rfd1 Bc8 25. Ng5 Qe8 26. Qa2+ Kh8 27. Rd3 h6 28. Nf3 Be6 29. Qb2 Bc4 30. Rd2 Bb3 31. Rc3 Rd8 32. Rcd3 Rxd3 33. Rxd3 Bc4 34. Rd2 Kh7 35. Qc3 Rxf3 36. gxf3 Qg6+ 37. Kh1 Bf1 38. Rd1 Qg2# 0-1

[Event "IIFL Wealth  4th Mumbai Junior U-13"]
[Site "Mumbai"]
[Date "2019.01.01"]
[Round "3"]
[White "Parab Ram Vishal"]
[Black "Pawar, Harshit"]
[Result "1/2-1/2"]
[ECO "B01"]
[WhiteElo "1242"]
[BlackElo "1671"]
[Annotator "NA RC"]
[PlyCount "110"]
[EventDate "2018.12.30"]
[EventType "swiss"]
[EventCountry "IND"]
[SourceTitle "playchess.com"]
[Source "ChessBase"]
[SourceQuality "1"]
[TimeControl "40/5400+30:1800+30"]

1. e4 d5 2. exd5 Nf6 3. d4 Bg4 4. Nf3 Qxd5 5. Be2 e6 6. O-O c6 7. Nc3 Qd8 8. Bg5 Be7 9. h3 Bf5 10. Ne5 h6 11. Bf4 Nbd7 12. Nxd7 Qxd7 13. Re1 O-O 14. Bc4 Rad8 15. Be5 Bg6 16. Bd3 Bxd3 17. Qxd3 b5 18. Ne4 Nd5 19. c3 f6 20. Bh2 Nb6 21. b3 e5 22. Ng3 Ba3 23. Qg6 Qf7 24. Qxf7+ Rxf7 25. dxe5 fxe5 26. Rxe5 Nd5 27. Rd1 Bd6 28. Re6 Rfd7 29. Ne4 Nxc3 30. Rdxd6 Nxe4 31. Rxd7 Rxd7 32. g3 Nc3 33. Rxc6 Nxa2 34. g4 Nb4 35. Rc7 Rd1+ 36. Kg2 a6 37. Be5 g5 38. Rg7+ Kf8 39. Rg6 Kf7 40. Rxh6 Rd3 41. Bd6 Nd5 42. b4 Rb3 43. h4 gxh4 44. Rxh4 Nxb4 45. g5 Nd3 46. f4 Rb2+ 47. Kf3 Rd2 48. Ke3 Rd1 49. f5 Ne1 50. Ke2 Rxd6 51. Kxe1 Rd5 52. Rf4 a5 53. g6+ Kf6 54. Rg4 Rd7 55. Ke2 b4 1/2-1/2

[Event "IIFL Wealth  4th Mumbai Junior U-13"]
[Site "Mumbai"]
[Date "2019.01.01"]
[Round "3"]
[White "Keerthana B"]
[Black "Manavalan, Siddharth Krishna"]
[Result "1-0"]
[ECO "B20"]
[WhiteElo "1232"]
[BlackElo "1406"]
[Annotator "NA RC"]
[PlyCount "115"]
[EventDate "2018.12.30"]
[EventType "swiss"]
[EventCountry "IND"]
[SourceTitle "playchess.com"]
[Source "ChessBase"]
[SourceQuality "1"]
[TimeControl "40/5400+30:1800+30"]

1. e4 c5 2. d3 Nc6 3. Nf3 d6 4. Nbd2 Nf6 5. Be2 g6 6. O-O Bg7 7. c3 Bg4 8. h3 Bh5 9. g4 Qd7 10. Nh2 Bh6 11. f4 g5 12. gxh5 Qxh3 13. f5 g4 14. Bxg4 Rg8 15. Qf3 Be3+ 16. Kh1 Qxf3+ 17. Rxf3 Bxd2 18. Bxd2 Nxg4 19. Rg1 Nf6 20. Rxg8+ Nxg8 21. Rg3 Nf6 22. Rg7 Ne5 23. Bg5 O-O-O 24. Bxf6 exf6 25. Rxh7 Nxd3 26. h6 Rg8 27. Rg7 Rh8 28. h7 Kd7 29. Rxf7+ Kc6 30. Nf3 Nf2+ 31. Kg2 Nxe4 32. Nh4 Ng5 33. Rxf6 Nxh7 34. Rh6 Rg8+ 35. Rg6 Rf8 36. Kf3 Kd5 37. Rg7 Nf6 38. Rxb7 Ke5 39. Rxa7 Ng8 40. Ng6+ Kxf5 41. Nxf8 Ke5 42. a4 Kd5 43. Rc7 Kc4 44. a5 Kb5 45. b4 Nf6 46. Rb7+ Ka6 47. Rb6+ Ka7 48. Rxd6 cxb4 49. Rxf6 bxc3 50. Rc6 Kb7 51. Rxc3 Ka6 52. Ra3 Ka7 53. a6 Kb8 54. a7+ Ka8 55. Ne6 Kb7 56. a8=Q+ Kb6 57. Rc3 Kb5 58. Qb7+ 1-0

[Event "IIFL Wealth  4th Mumbai Junior U-13"]
[Site "Mumbai"]
[Date "2019.01.01"]
[Round "3"]
[White "Roy Aanya"]
[Black "Rajbeer Ahmed"]
[Result "0-1"]
[ECO "B43"]
[WhiteElo "1232"]
[BlackElo "1550"]
[Annotator "NA RC"]
[PlyCount "120"]
[EventDate "2018.12.30"]
[EventType "swiss"]
[EventCountry "IND"]
[SourceTitle "playchess.com"]
[Source "ChessBase"]
[SourceQuality "1"]
[TimeControl "40/5400+30:1800+30"]

1. e4 c5 2. Nf3 e6 3. d4 cxd4 4. Nxd4 a6 5. Nc3 Qc7 6. Be2 Nf6 7. a3 b5 8. O-O Bb7 9. Qd3 Nc6 10. Nxc6 dxc6 11. Rd1 Be7 12. Bf3 Rd8 13. Qe2 Rxd1+ 14. Qxd1 c5 15. e5 Nd7 16. Bxb7 Qxb7 17. Bf4 O-O 18. Qg4 Rd8 19. Rd1 b4 20. Bh6 g6 21. Ne4 bxa3 22. bxa3 Nxe5 23. Rxd8+ Bxd8 24. Qd1 Qd7 25. Qa1 Qd4 26. Qxd4 cxd4 27. Bf4 Nc4 28. Bc1 Be7 29. a4 f5 30. Nd2 Nxd2 31. Bxd2 e5 32. Kf1 Kf7 33. Ke2 Ke6 34. c3 Kd5 35. Kd3 e4+ 36. Kc2 dxc3 37. Kxc3 Bc5 38. Be3 a5 39. g3 g5 40. Bxg5 Bxf2 41. Kd2 Kc4 42. Ke2 Bc5 43. Bd2 Bb6 44. Be3 Bxe3 45. Kxe3 Kb4 46. g4 fxg4 47. Kxe4 Kxa4 48. Kf4 Kb3 49. Kxg4 a4 50. h4 a3 51. h5 a2 52. h6 a1=Q 53. Kg5 Qe5+ 54. Kh4 Kc3 55. Kg4 Kd3 56. Kh4 Qf5 57. Kg3 Ke3 58. Kg2 Qg4+ 59. Kh1 Kf2 60. Kh2 Qg2# 0-1

[Event "IIFL Wealth  4th Mumbai Junior U-13"]
[Site "Mumbai"]
[Date "2019.01.01"]
[Round "3"]
[White "Shah Viha"]
[Black "Potawad Anirudhha"]
[Result "0-1"]
[ECO "C67"]
[WhiteElo "1212"]
[BlackElo "1849"]
[Annotator "NA RC"]
[PlyCount "112"]
[EventDate "2018.12.30"]
[EventType "swiss"]
[EventCountry "IND"]
[SourceTitle "playchess.com"]
[Source "ChessBase"]
[SourceQuality "1"]
[TimeControl "40/5400+30:1800+30"]

1. e4 e5 2. Nf3 Nc6 3. Bb5 Nf6 4. O-O Nxe4 5. d4 Nd6 6. Bxc6 dxc6 7. dxe5 Nf5 8. Qxd8+ Kxd8 9. Rd1+ Ke8 10. Nc3 h6 {[%emt 0:06:44] LiveBook: 154 Games} 11. a3 {[%emt 0:01:50] C67: Ruy Lopez: Berlin Defence: 4 0-0 Nxe4} (11. h3 Be6 12. g4 Ne7 13. Nd4 Rd8 14. Bf4 Nd5 15. Nxe6 fxe6 16. Ne2 Bc5 17. Kg2 Kf7 18. Bd2 b5 19. c3 {0-1 (46) Dominguez Perez,L (2726)-Radjabov,T (2734) Beijing 2014}) 11... Be6 12. b3 Be7 $146 ({Predecessor:} 12... Rd8 13. Bb2 g5 14. Ne4 b6 15. Nf6+ Ke7 16. c4 Nh4 17. Nd4 Bd7 18. Nxd7 Rxd7 19. Nxc6+ {1-0 (68) Stepanyan,E (1454)-Melenchuk,O Loo 2014}) 13. Bb2 a6 14. Rd3 Kf8 15. Ne2 Bc5 (15... h5 $11 {remains equal.}) 16. Nf4 Ke8 17. Nxe6 fxe6 18. Rad1 Rf8 19. Rd7 Bd6 20. exd6 Kxd7 21. Ne5+ Ke8 22. d7+ Kd8 23. Ng6 Rg8 24. Nf4 Nd6 25. Nxe6+ Kxd7 26. Nxg7 Raf8 27. c4 c5 28. Rd5 b6 29. f3 Rf7 30. Nh5 Rg6 31. Ng3 Rg5 32. Rd1 Ke8 33. Kf2 b5 34. cxb5 axb5 35. Re1+ (35. Bc1 $11 {remains equal.}) 35... Kd7 36. Bc1 Rg6 (36... Rd5 $17 37. Bxh6 Rh7) 37. Rd1 ({White should try} 37. Re5 $1 $15) 37... c4 38. bxc4 bxc4 39. Ne4 Kc6 40. Nc3 Nb5 41. Nxb5 ({White should play} 41. Ne2 $15) 41... Kxb5 42. Rd5+ Ka4 43. Rd4 Kb3 44. g3 c3 45. Rb4+ Kc2 46. Be3 Rc6 47. Ke2 $2 (47. Rb5) 47... Re7 48. Kf2 Rce6 49. Re4 Rxe4 50. fxe4 Rxe4 51. Bxh6 Kd1 52. Kf3 Re2 $19 53. a4 Rxh2 54. Bf4 c2 55. a5 Rd2 56. Bxd2 Kxd2 0-1

[Event "IIFL Wealth  4th Mumbai Junior U-13"]
[Site "Mumbai"]
[Date "2019.01.01"]
[Round "3"]
[White "Sathi Akshaj Mayank"]
[Black "Mahajan Ayush"]
[Result "0-1"]
[ECO "C54"]
[WhiteElo "1194"]
[BlackElo "1629"]
[Annotator "NA RC"]
[PlyCount "58"]
[EventDate "2018.12.30"]
[EventType "swiss"]
[EventCountry "IND"]
[SourceTitle "playchess.com"]
[Source "ChessBase"]
[SourceQuality "1"]
[TimeControl "40/5400+30:1800+30"]

1. e4 e5 2. Nf3 Nc6 3. d4 exd4 4. Bc4 Bc5 5. c3 Nf6 6. cxd4 Bb4+ 7. Bd2 Bxd2+ 8. Nbxd2 d5 9. exd5 Nxd5 10. O-O O-O 11. h3 Bf5 12. Nb3 Re8 13. Nc5 Rb8 14. Qb3 Na5 15. Qa4 Nxc4 16. Qxc4 b6 17. Na6 b5 18. Qc5 Rb6 19. Nxc7 Qxc7 20. Qxd5 Be4 21. Qb3 Rg6 22. Qxb5 Rb8 23. Qe2 Qf4 24. Kh1 Rxb2 25. Qxb2 Bxf3 26. Rg1 Rh6 27. gxf3 Qxf3+ 28. Rg2 Qxh3+ 29. Kg1 Qh1# 0-1

[Event "IIFL Wealth  4th Mumbai Junior U-13"]
[Site "Mumbai"]
[Date "2019.01.01"]
[Round "3"]
[White "Kadam Laksh"]
[Black "Vedant Nitin vekhande"]
[Result "0-1"]
[ECO "B23"]
[WhiteElo "1182"]
[BlackElo "1564"]
[Annotator "NA RC"]
[PlyCount "48"]
[EventDate "2018.12.30"]
[EventType "swiss"]
[EventCountry "IND"]
[SourceTitle "playchess.com"]
[Source "ChessBase"]
[SourceQuality "1"]
[TimeControl "40/5400+30:1800+30"]

1. e4 c5 2. Nc3 g6 3. f4 Bg7 4. Nf3 Nc6 5. Bc4 e6 6. O-O Nge7 7. d3 O-O 8. Qe1 Nd4 9. Bb3 Nec6 10. Qg3 Nxf3+ 11. Qxf3 Nd4 12. Qh3 b5 13. Rf2 d5 14. a3 Nxb3 15. cxb3 Bd4 16. Be3 Bxe3 17. Qxe3 d4 18. Qh3 dxc3 19. bxc3 f5 20. e5 Bb7 21. Rd1 Qa5 22. Ra2 Qxc3 23. Rb1 Rad8 24. Rd1 Qxb3 0-1

[Event "IIFL Wealth  4th Mumbai Junior U-13"]
[Site "Mumbai"]
[Date "2019.01.01"]
[Round "3"]
[White "Shaurya Dinesh Sawlani"]
[Black "Rushyendra Chowdary Kantipudi"]
[Result "0-1"]
[ECO "B23"]
[WhiteElo "1173"]
[BlackElo "1527"]
[Annotator "NA RC"]
[PlyCount "110"]
[EventDate "2018.12.30"]
[EventType "swiss"]
[EventCountry "IND"]
[SourceTitle "playchess.com"]
[Source "ChessBase"]
[SourceQuality "1"]
[TimeControl "40/5400+30:1800+30"]

1. e4 c5 2. Nc3 Nc6 3. f4 e6 4. Bc4 Nge7 5. Nf3 d5 6. exd5 exd5 7. Bb5 g6 8. O-O Bg7 9. d3 O-O 10. Bd2 Nd4 11. a3 Bg4 12. Rf2 Bxf3 13. gxf3 a6 14. Ba4 b5 15. Bb3 Nxb3 16. cxb3 Bd4 17. Qe2 Nf5 18. Re1 Re8 19. Qxe8+ Qxe8 20. Rxe8+ Rxe8 21. Nxd5 Re2 22. Be3 Bxe3 23. Nxe3 Rxe3 24. Rc2 Rxd3 25. Rxc5 Rxb3 26. Rc2 Rxf3 27. Rf2 Rxf2 28. Kxf2 Nd6 29. b3 a5 30. Ke3 a4 31. bxa4 bxa4 32. Kd3 Nb5 33. Kc4 Nxa3+ 34. Kb4 Nc2+ 35. Kxa4 Nd4 36. Kb4 f5 37. Kc4 Ne2 38. Kd3 Nxf4+ 39. Ke3 Ne6 40. Kf3 g5 41. h3 h5 42. Kg3 f4+ 43. Kf3 Nd4+ 44. Kf2 g4 45. hxg4 hxg4 46. Kg2 Ne2 47. Kf2 f3 48. Kf1 g3 49. Ke1 g2 50. Kf2 g1=Q+ 51. Kxf3 Qd4 52. Kg2 Qf4 53. Kh1 Qf3+ 54. Kh2 Qg3+ 55. Kh1 Qg1# 0-1

[Event "IIFL Wealth  4th Mumbai Junior U-13"]
[Site "Mumbai"]
[Date "2019.01.01"]
[Round "3"]
[White "Aarav, Bhavin Mehta"]
[Black "Adireddy Arjun"]
[Result "0-1"]
[ECO "D05"]
[WhiteElo "1166"]
[BlackElo "1468"]
[Annotator "NA RC"]
[PlyCount "98"]
[EventDate "2018.12.30"]
[EventType "swiss"]
[EventCountry "IND"]
[SourceTitle "playchess.com"]
[Source "ChessBase"]
[SourceQuality "1"]
[TimeControl "40/5400+30:1800+30"]

1. d4 d5 2. Nf3 Nf6 3. e3 e6 4. Bd3 Bd6 5. Nbd2 Nbd7 6. O-O O-O 7. e4 dxe4 8. Nxe4 Nxe4 9. Bxe4 f5 10. Bd3 h6 11. Re1 Nb6 12. c4 Be7 13. Bd2 g5 14. Bc3 Bf6 15. Ne5 g4 16. b3 Bg5 17. Bc2 Bd7 18. Qe2 Re8 19. Rad1 c6 20. Bd2 Kg7 21. Bc3 Kf8 22. Bb4+ Kg8 23. Bd2 Bxd2 24. Qxd2 Kg7 25. Qc3 Qf6 26. a4 Rad8 27. Bb1 Bc8 28. a5 Nd7 29. Nxd7 Rxd7 30. Rd3 Red8 31. c5 Rxd4 32. Rxd4 Qxd4 33. Qxd4+ Rxd4 34. g3 Kf6 35. Kf1 e5 36. Ke2 Be6 37. Bc2 Rb4 38. Rb1 e4 39. Ke3 Ke5 40. Rb2 Kd5 41. Bd1 Kxc5 42. Bc2 Kb5 43. Ra2 Bxb3 44. Bxb3 Rxb3+ 45. Kf4 Rf3+ 46. Ke5 c5 47. Kf6 c4 48. Kg6 c3 49. Kxh6 Kb4 0-1

[Event "IIFL Wealth  4th Mumbai Junior U-13"]
[Site "Mumbai"]
[Date "2019.01.01"]
[Round "3"]
[White "Balkawade Om"]
[Black "Varshita Jain"]
[Result "0-1"]
[ECO "C42"]
[WhiteElo "1157"]
[BlackElo "1461"]
[Annotator "NA RC"]
[PlyCount "104"]
[EventDate "2018.12.30"]
[EventType "swiss"]
[EventCountry "IND"]
[SourceTitle "playchess.com"]
[Source "ChessBase"]
[SourceQuality "1"]
[TimeControl "40/5400+30:1800+30"]

1. e4 e5 2. Nf3 Nf6 3. Nxe5 d6 4. Nf3 Nxe4 5. Qe2 Qe7 6. d3 Nf6 7. Nc3 c6 8. Qxe7+ Bxe7 9. Be3 d5 10. O-O-O Bb4 11. Re1 O-O 12. Bd2 Ng4 13. Nd1 Bc5 14. d4 Bd6 15. h3 Nf6 16. Bd3 h6 17. Nc3 Be6 18. g4 Nbd7 19. g5 hxg5 20. Bxg5 Bb4 21. Reg1 Rfe8 22. Bh6 Bf8 23. Rg2 g6 24. Bxf8 Kxf8 25. Ng5 Nh5 26. Re1 Nf4 27. Nxe6+ Nxe6 28. Ne2 Nxd4 29. Rg3 Nc5 30. Kd2 Nxe2 31. Rxe2 Rxe2+ 32. Kxe2 Re8+ 33. Kd2 Re5 34. Rf3 Kg7 35. b4 Ne4+ 36. Bxe4 dxe4 37. Re3 g5 38. Kc3 f5 39. f3 Kf6 40. fxe4 Rxe4 41. Rd3 f4 42. a3 Ke5 43. Kd2 Rd4 44. Rxd4 Kxd4 45. c3+ Kc4 46. Kc2 f3 47. Kd2 f2 48. Ke2 f1=Q+ 49. Kxf1 Kxc3 50. Kg2 Kb3 51. Kg3 Kxa3 52. Kg4 Kxb4 0-1

[Event "IIFL Wealth  4th Mumbai Junior U-13"]
[Site "Mumbai"]
[Date "2019.01.01"]
[Round "3"]
[White "Ks Saikrishna"]
[Black "Laddha, Yash Jayesh"]
[Result "0-1"]
[ECO "B75"]
[WhiteElo "1138"]
[BlackElo "1449"]
[Annotator "NA"]
[PlyCount "152"]
[EventDate "2018.12.30"]
[EventType "swiss"]
[EventCountry "IND"]
[SourceTitle "playchess.com"]
[Source "ChessBase"]
[SourceQuality "1"]
[TimeControl "40/5400+30:1800+30"]

1. e4 c5 2. Nf3 d6 3. d4 cxd4 4. Nxd4 Nf6 5. Nc3 g6 6. Be3 Bg7 7. f3 Nc6 8. Qd2 O-O 9. Nxc6 bxc6 10. g4 Be6 11. Be2 Rb8 12. Na4 c5 13. c4 Bd7 14. Nc3 Qb6 15. O-O-O Ne8 16. h4 Qa5 17. h5 Bxc3 18. Qxc3 Qxa2 19. hxg6 fxg6 20. Rxh7 Qa1+ 21. Kc2 Qxb2+ 22. Qxb2 Rxb2+ 23. Kxb2 Kxh7 24. Ra1 Be6 25. Rxa7 Rf7 26. Bg5 Nf6 27. Bxf6 exf6 28. Rxf7+ Bxf7 29. Kb3 Be8 30. Kc3 Kg7 31. f4 Kf7 32. Kd3 Ke6 33. f5+ Ke5 34. Ke3 g5 35. Bd1 Bd7 36. Bc2 Bc6 37. Bd1 Bxe4 38. Bb3 Bg2 39. Kf2 Bh3 40. Kg3 Bf1 41. Kf2 Bd3 42. Ke3 Bb1 43. Bd1 Ba2 44. Be2 d5 45. cxd5 Kxd5 46. Bf3+ Ke5 47. Bd1 Bb1 48. Be2 Be4 49. Bc4 Bd5 50. Bd3 c4 51. Bb1 c3 52. Bc2 Bc4 53. Bd1 Kd5 54. Bc2 Kc5 55. Bd1 Kb4 56. Kd4 Bb3 57. Bxb3 Kxb3 58. Kd5 c2 59. Ke6 c1=Q 60. Kxf6 Qf4 61. Kg6 Qxg4 62. f6 Qf4 63. f7 g4 64. Kg7 g3 65. f8=Q Qxf8+ 66. Kxf8 g2 67. Ke7 g1=Q 68. Ke6 Qg5 69. Kd6 Qf5 70. Ke7 Qg6 71. Kd7 Qf6 72. Ke8 Qg7 73. Kd8 Kc4 74. Ke8 Kd5 75. Kd8 Kd6 76. Ke8 Qe7# 0-1